 Dungeon Crawl Stone Soup version 0.20-a0-345-gbfb25ec (webtiles) character file.

1257 junb69 the Carver (level 8, -3/39 HPs)
             Began as a Vine Stalker Fighter on Dec 22, 2016.
             Was an Initiate of Ashenzari.
             Slain by an orc warrior
             ... wielding a +0 short sword
              (10 damage)
             ... on level 4 of the Dungeon.
             The game lasted 00:11:50 (4832 turns).

junb69 the Carver (Vine Stalker Fighter)            Turns: 4832, Time: 00:11:51

Health: -3/39      AC: 10    Str: 24    XL:     8   Next: 51%
Magic:  0/18       EV:  7    Int:  9    God:    Ashenzari [......]
Gold:   300        SH: 10    Dex: 15    Spells: 7/7 levels left

rFire  . . .     SeeInvis .     a - +0 long sword
rCold  . . .     Gourm    .     b - +0 scale mail
rNeg   . . .     Faith    .     p - +1 shield {AC+3} (curse)
rPois  .         Spirit   +     (no helmet)
rElec  .         Reflect  .     (no cloak)
rCorr  .         Harm     .     (no gloves)
MR     +....                    u - +0 pair of boots (curse)
Stlth  ..........               h - amulet of magic regeneration
                                (no ring)
                                i - ring of magical power (curse)

@: mighty
A: fangs 3, regeneration 1, magic shield, antimagic bite, no device heal 3, rot
immunity
a: Curse Item, Renounce Religion


You were on level 4 of the Dungeon.
You worshipped Ashenzari.
Ashenzari was noncommittal.
You were not hungry.

You visited 2 branches of the dungeon, and saw 7 of its levels.
You also visited: Ossuary.

You collected 300 gold pieces.

Inventory:

Hand Weapons
 a - a +0 long sword (weapon)
Missiles
 k - 8 javelins (quivered)
Armour
 b - a +0 scale mail (worn)
 p - a cursed +1 shield of protection (worn)
 u - a cursed +0 pair of boots (worn)
Magical Staves
 l - an uncursed staff of air
Jewellery
 h - an amulet of magic regeneration (around neck)
 i - a cursed ring of magical power (left hand)
Wands
 D - a wand of lightning (9/15)
Scrolls
 c - 3 scrolls of enchant weapon
 j - 2 scrolls of immolation
 q - a scroll of recharging {unknown}
 r - 4 scrolls of enchant armour
 s - 3 scrolls of teleportation
 t - a scroll of blinking {unknown}
 C - 2 scrolls of fog
 E - a scroll of amnesia {unknown}
 F - 3 scrolls of remove curse
 H - 2 scrolls of magic mapping {unknown}
 I - a scroll of brand weapon {unknown}
Potions
 e - a potion of ambrosia {unknown}
 g - 2 potions of cure mutation
 m - 3 potions of haste
 n - a potion of mutation {unknown}
 v - 2 potions of heal wounds {unknown}
 w - 3 potions of brilliance {unknown}
 x - 3 potions of curing
 z - a potion of magic
 A - 2 potions of resistance {unknown}
 B - a potion of flight {unknown}
Comestibles
 f - 4 bread rations
 o - 5 meat rations
 J - 3 chunks of flesh


   Skills:
 - Level 2.6 Fighting
 * Level 9.3 Long Blades
 - Level 2.4 Armour
 - Level 2.6 Shields


You had 7 spell levels left.
You didn't know any spells.

Dungeon Overview and Level Annotations

Branches:
Dungeon (6/15)             Temple (1/1) D:4

Altars:
Ashenzari
Fedhas
Nemelex Xobeh
Qazlal
Sif Muna
Zin
The Shining One

Annotations:
D:3 exclusion: oklob plant
D:5 junb69's ghost, amateur TrMo


Innate Abilities, Weirdness & Mutations

You have razor-sharp teeth.
Your natural rate of healing is unusually fast.
When hurt, damage is shared between your health and your magic reserves.
Your bite disrupts and absorbs the magic of your enemies.
Potions cannot restore your health.
You are immune to rotting.


Message History

You block the orc warrior's attack.
You climb upwards.
There is a stone staircase leading down here.
You barely miss the orc warrior.
The orc warrior hits you with a short sword!
You hit the orc warrior but do no damage.
You block the orc warrior's attack.
Throwing (i - inventory):
k - 8 javelins (quivered)
Press: ? - help, Shift-Dir - straight line, f - orc warrior
Aim: an orc warrior, wielding a short sword and wearing a chain mail
Okay, then.
It was a potion of curing.
That felt strangely inert.
The orc warrior hits you with a short sword!
* * * LOW HITPOINT WARNING * * *
You feel very mighty all of a sudden.
The orc warrior hits you but does no damage.
You slash the orc warrior! Your bite misses the orc warrior.
The orc warrior is heavily wounded.
The orc warrior hits you with a short sword!
You die...

#.......>...
##.#########.
##..####......
#........####.
##..###### #. #..#
######. #..# #......
#########..####.###..
#...@o...........##..
#.#######..####..##..
#.# #............ #.#
##.####..#... #.#
#.##.....### #.#
#.##.##.## # #.#
#.##.##.# #.#
#)##.##.## # #.#
#.##.###.###


You could see an orc warrior.

Vanquished Creatures
  A phantom (D:5)
  2 centaurs (D:5)
  2 ogres
  A scorpion (D:5)
  A howler monkey (D:4)
  A centaur zombie (D:5)
  A bullfrog zombie (D:6)
  A hound (D:4)
  2 orc priests
  2 iguanas (D:5)
  6 orc wizards
  2 worker ants (D:4)
  3 hound skeletons (D:5)
  4 mummies
  7 gnolls
  3 adders
  A shadow imp (D:4)
  2 oozes (D:2)
  3 adder zombies (Ossuary)
  2 worms
  2 dart slugs
  5 leopard geckos
  14 orcs
  2 ball pythons
  3 bats
  5 giant cockroaches
  8 goblins
  10 hobgoblins
  17 jackals
  5 quokkas
  2 frilled lizards (D:2)
  A gnoll zombie (Ossuary)
  A goblin zombie (Ossuary)
  2 hobgoblin zombies (Ossuary)
  4 kobolds
  5 kobold zombies (Ossuary)
  A leopard gecko skeleton (D:4)
  An orc zombie (Ossuary)
  A quokka zombie (Ossuary)
  3 rats (D:1)
  4 rat zombies (Ossuary)
143 creatures vanquished.

Notes
Turn   | Place    | Note
-------+----------+-------------------------------------------
     0 | D:1      | junb69 the Vine Stalker Fighter began the quest for the Orb.
     0 | D:1      | Reached XP level 1. HP: 11/11 MP: 2/2
    23 | D:1      | Reached skill level 2 in Long Blades
   369 | D:1      | Reached XP level 2. HP: 9/16 MP: 3/3
   628 | D:1      | Reached skill level 3 in Long Blades
   660 | D:1      | Reached XP level 3. HP: 16/19 MP: 4/4
  1057 | D:2      | Gained mutation: Your natural rate of healing is unusually fast. [Vine Stalker growth]
  1057 | D:2      | Reached XP level 4. HP: 19/23 MP: 5/5
  1240 | D:2      | Reached skill level 4 in Long Blades
  1603 | D:3      | Reached XP level 5. HP: 26/27 MP: 6/6
  1973 | D:3      | Reached skill level 5 in Long Blades
  2282 | D:3      | Found a blossoming altar of Fedhas.
  2301 | D:3      | Noticed an oklob plant
  2482 | D:4      | Reached XP level 6. HP: 32/32 MP: 7/7
  2691 | D:4      | Reached skill level 6 in Long Blades
  2721 | D:4      | Reached XP level 7. HP: 3/35 MP: 6/8
  2812 | D:4      | Found a sand-covered staircase.
  2824 | Ossuary  | Entered an ossuary
  2952 | Ossuary  | Reached skill level 7 in Long Blades
  3377 | D:4      | Found a staircase to the Ecumenical Temple.
  3387 | Temple   | Entered the Ecumenical Temple
  3409 | Temple   | Became a worshipper of Ashenzari the Shackled
  3767 | D:5      | Entered Level 5 of the Dungeon
  3767 | D:5      | Noticed junb69's ghost (amateur TrMo)
  4092 | D:5      | Reached skill level 8 in Long Blades
  4252 | D:5      | Gained mutation: You have razor-sharp teeth. [Vine Stalker growth]
  4252 | D:5      | Reached XP level 8. HP: 30/39 MP: 9/9
  4507 | D:5      | Reached skill level 9 in Long Blades
  4758 | D:6      | Found a sparkling altar of Nemelex Xobeh.
  4832 | D:4      | Slain by an orc warrior

Vault maps used:
D:1:      wheals_arrival_shading, minmay_small_reverse_x
D:2:      minmay_box_of_dots
D:3:      first_bread, minivault_11, tgw_fedhas
D:4:      minmay_opposing_rooms, gup_ossuary_entry_pyramid
D:5:      minmay_misc_feat_four_crosses
D:6:      minmay_holes, nemelex_spade_bored_becter
Temple:   regret_index_temple_sigil_plot
Ossuary:  ossuary_minmay_chase

Skill      XL: |  1  2  3  4  5  6  7  8 |
---------------+-------------------------+-----
Long Blades    | 2 3 4 5 6 8 9 |  9.3
Fighting       | |  2.6
Armour         | |  2.4
Shields        | |  2.6

Action                   |  1- 3 |  4- 6 |  7- 9 || total
-------------------------+-------+-------+-------++-------
Melee: Long sword        |   101 |   158 |   221 ||   480
       Bite              |    33 |    49 |    83 ||   165
Invok: Curse Item        |       |       |     3 ||     3
  Use: Potion            |       |     3 |     2 ||     5
       Scroll            |       |       |    13 ||    13
  Eat: Chunk             |     1 |     4 |     7 ||    12
       Pizza             |       |     1 |       ||     1
Armor: Scale mail        |    56 |    65 |    78 ||   199
Dodge: Dodged            |    47 |    43 |    66 ||   156
Block: Buckler           |    15 |     3 |       ||    18
       Shield            |       |    68 |   129 ||   197
       Rpst.: Long sword |    16 |    18 |    14 ||    48
